 Dungeon Crawl Stone Soup version 0.19.0-11-g3fc08b3 (webtiles) character file.

342 LORDOFBUTT the Shield-Bearer (level 6, -1/47 HPs)
             Began as a Formicid Fighter on Nov 9, 2016.
             Slain by a troll zombie (10 damage)
             ... in an ossuary.
             The game lasted 00:05:02 (2535 turns).

LORDOFBUTT the Shield-Bearer (Formicid Fighter)     Turns: 2535, Time: 00:05:03

Health: -1/47      AC:  8    Str: 23    XL:     6   Next: 88%
Magic:  6/6        EV:  9    Int:  7    God:
Gold:   231        SH: 10    Dex: 10    Spells: 0 memorised, 5 levels left

rFire  . . .     SeeInvis +     w - +0 broad axe
rCold  + . .     Gourm    .     b - +0 scale mail
rNeg   . . .     Faith    .     c - +0 shield
rPois  .         Spirit   .     (helmet unavailable)
rElec  .         Reflect  .     y - +0 cloak
rCorr  .         Harm     .     (no gloves)
MR     .....                    (no boots)
Stlth  +.........               (no amulet)
                                t - ring of protection from cold
                                n - ring of stealth

@: no status effects
A: permanent stasis, dig shafts and tunnels, four strong arms, antennae 3
a: Dig, Shaft Self


You were in an ossuary.
You were not hungry.

You visited 1 branch of the dungeon, and saw 4 of its levels.
You also visited: Ossuary.

You collected 231 gold pieces.

Inventory:

Hand Weapons
 w - a +0 broad axe (weapon)
Armour
 b - a +0 scale mail (worn)
 c - a +0 shield (worn)
 y - a +0 cloak (worn)
Jewellery
 e - an uncursed ring of fire
 m - a +3 ring of intelligence
 n - a ring of stealth (left hand)
 t - a ring of protection from cold (right hand)
Wands
 A - a wand of random effects (21/48)
Scrolls
 g - a scroll of identify {unknown}
 h - 3 scrolls of enchant armour {unknown}
 j - a scroll of blinking {unknown}
 p - a scroll of fog {unknown}
 q - a scroll of fear {unknown}
 r - a scroll of immolation {unknown}
 u - 2 scrolls of amnesia {unknown}
Potions
 a - a potion of degeneration {unknown}
 d - a potion of might
 l - a potion of heal wounds {unknown}
 o - a potion of ambrosia {unknown}
 s - a potion of lignification {unknown}
 v - 2 potions of curing {unknown}
 x - a potion of beneficial mutation {unknown}
 z - a potion of flight {unknown}
Comestibles
 f - 5 bread rations
 i - 2 beef jerkies
 k - 2 meat rations


   Skills:
 - Level 3.5 Fighting
 * Level 4.6 Axes
 - Level 3.7 Armour
 * Level 6.4 Shields


You had 5 spell levels left.
You didn't know any spells.

Dungeon Overview and Level Annotations

Branches:
Dungeon (4/15)
 Temple: D:4-7

Altars:
Fedhas
Nemelex Xobeh
Okawaru
Ru
Xom


Innate Abilities, Weirdness & Mutations

You are under a permanent stasis effect.
You can dig through walls and to a lower floor.
Your four strong arms can wield two-handed weapons with a shield.
You have a pair of large antennae on your head. (SInv)


Message History

There is an open door here.
You open the door.
A troll zombie comes into view.
There is an open door here.
The troll zombie bites you. The troll zombie completely misses you.
You block the troll zombie's attack.
You slash the troll zombie!
The troll zombie is lightly damaged.
The troll zombie bites you. The troll zombie claws you.
You block the troll zombie's attack.
You barely miss the troll zombie.
The troll zombie is lightly damaged.
The troll zombie bites you!
* * * LOW HITPOINT WARNING * * *
You block the troll zombie's attack.
The troll zombie claws you but does no damage.
You slash the troll zombie!
The troll zombie is heavily damaged.
The troll zombie bites you!
You die...

##########################
#∩........................
#.........................
#..###'###'###'###'###+###
#..#...#...#...#...# {
#..#.#'#######'#'####
#..#.#....#....#....#
#..###....#.Z..#....#
#..'.#....#.@..#....#
#..#.#....#....#....#
#..#.################
#..###....# #..'.'....#
#..#.#....# #..#.#....# {
#..######## #..'.#....#


You could see a troll zombie.

Vanquished Creatures
  An ogre (D:3)
  A centaur zombie (Ossuary)
  An orc wizard (D:2)
  A worker ant (D:4)
  An ogre zombie (Ossuary)
  2 mummies
  2 adders (D:2)
  2 adder zombies (Ossuary)
  2 worms (D:2)
  4 dart slugs (D:1)
  2 leopard geckos
  An orc (D:4)
  7 bats
  12 giant cockroaches
  3 gnoll zombies (Ossuary)
  10 goblins
  9 hobgoblins
  A quokka (D:4)
  5 frilled lizards
  3 goblin zombies
  6 hobgoblin zombies
  3 kobolds
  3 kobold zombies
  An orc zombie (D:4)
  4 quokka zombies (Ossuary)
  5 rats
  A rat zombie (D:4)
93 creatures vanquished.

Notes
Turn   | Place    | Note
-------+----------+-------------------------------------------
     0 | D:1      | LORDOFBUTT the Formicid Fighter began the quest for the Orb.
     0 | D:1      | Reached XP level 1. HP: 18/18 MP: 1/1
    21 | D:1      | Reached XP level 2. HP: 14/24 MP: 2/2
   435 | D:1      | Reached XP level 3. HP: 26/29 MP: 3/3
   570 | D:1      | Reached skill level 4 in Shields
  1031 | D:2      | Found a sacrificial altar of Ru.
  1045 | D:2      | Reached XP level 4. HP: 32/35 MP: 4/4
  1133 | D:2      | Found a shimmering altar of Xom.
  1256 | D:2      | Reached skill level 5 in Shields
  1291 | D:2      | Reached XP level 5. HP: 41/41 MP: 5/5
  1434 | D:2      | Found an iron altar of Okawaru.
  1533 | D:3      | Found a blossoming altar of Fedhas.
  1868 | D:3      | Noticed an ogre
  1875 | D:3      | Killed an ogre
  1875 | D:3      | Reached XP level 6. HP: 27/47 MP: 6/6
  2003 | D:3      | Found a sparkling altar of Nemelex Xobeh.
  2157 | D:4      | Reached skill level 6 in Shields
  2272 | D:4      | Found a sand-covered staircase.
  2297 | Ossuary  | Entered an ossuary
  2535 | Ossuary  | Slain by a troll zombie

Skill      XL: |  1  2  3  4  5  6 |
---------------+-------------------+-----
Shields        | 4 5 6 |  6.4
Axes           | 3 4 |  4.6
Fighting       | |  3.5
Armour         | |  3.7

Action                   |  1- 3 |  4- 6 || total
-------------------------+-------+-------++-------
Melee: War axe           |   101 |    72 ||   173
       Broad axe         |       |   139 ||   139
 Stab: Paralysed         |       |     2 ||     2
  Eat: Chunk             |       |     2 ||     2
       Beef jerky        |       |     1 ||     1
       Bread ration      |       |     1 ||     1
Armor: Scale mail        |    62 |    69 ||   131
Dodge: Dodged            |    34 |    63 ||    97
Block: Shield            |    49 |   136 ||   185
